 Dungeon Crawl Stone Soup version 0.27.0-1-g7a089689b8 (webtiles) character file.

Game seed: 10082366524849742551

3503 hawla the Destroyer (level 9, -1/51 HPs)
             Began as a Deep Elf Conjurer on Aug 10, 2021.
             Was an Initiate of Ashenzari.
             Slain by an orc (9 damage)
             ... on level 8 of the Dungeon.
             The game lasted 00:23:32 (9283 turns).

hawla the Destroyer (Deep Elf Conjurer)             Turns: 9283, Time: 00:23:32

Health: -1/51      AC:  1    Str:  4    XL:     9   Next: 80%
Magic:  23/23      EV: 14    Int: 25    God:    Ashenzari [......]
Gold:   412        SH:  0    Dex: 13    Spells: 13/25 levels left

rFire    . . .     SeeInvis .   c - staff of death (curse) {Bglg, Elem}
rCold    + . .     Faith    .   (no shield)
rNeg     + . .     Spirit   .   a - +0 robe
rPois    .         Reflect  .   l - +1 helmet
rElec    .         Harm     .   (no cloak)
rCorr    .         Rampage  .   j - +0 pair of gloves
Will     +....     Rnd*Rage +   (no boots)
Stlth    +++.......             v - amulet of regeneration
HPRegen  1.17/turn              g - ring of willpower
MPRegen  0.18/turn              k - ring of protection from cold

@: corroded, unable to read
A: berserk 1, dopey 1, inability to read while threatened
a: Renounce Religion, Curse Item, Shatter the Chains


You were on level 8 of the Dungeon.
You worshipped Ashenzari.
Ashenzari was noncommittal.
You visited 2 branches of the dungeon, and saw 9 of its levels.
You also visited: Sewer.

You collected 412 gold pieces.

Inventory:

Missiles
 b - 2 curare-tipped darts
 m - 2 boomerangs
 n - a throwing net
 u - 8 poisoned darts (quivered)
 x - 11 javelins
 z - 4 silver boomerangs
Armour
 a - a +0 robe (worn)
 j - a +0 pair of gloves (worn)
 l - a +1 helmet (worn)
Magical Staves
 c - a cursed staff of death (weapon) {Bglg, Elem}
Jewellery
 g - a ring of willpower (left hand)
 k - a ring of protection from cold (right hand)
 v - an amulet of regeneration (around neck)
Wands
 f - a wand of paralysis (10)
 t - a wand of iceblast (4)
 y - a wand of acid (10)
Scrolls
 q - a scroll of magic mapping
 r - a scroll of amnesia
 s - 2 scrolls of fog
 w - a scroll of fear
Potions
 d - a potion of heal wounds
 e - 3 potions of flight
 h - 3 potions of curing
 i - 2 potions of cancellation
 o - a potion of brilliance
 p - 2 potions of haste


   Skills:
 + Level 3.2 Fighting
 + Level 4.5 Staves
 + Level 0.6 Throwing
 + Level 6.2 Dodging
 + Level 4.7 Stealth
 + Level 8.8 Spellcasting
 + Level 10.0(10.5) Conjurations
 + Level 2.0 Necromancy
 + Level 1.9(2.3) Translocations
 + Level 2.1 Evocations


You had 13 spell levels left.
You knew the following spells:

 Your Spells              Type           Power      Damage    Failure   Level
a - Magic Dart            Conj           100%       1d8       1%          1
b - Searing Ray           Conj           100%       3d7       1%          2
c - Iskenderun's Mystic   Conj/Tloc      43%        2d10      4%          4
d - Lightning Bolt        Conj/Air       18%        1d33      17%         5

Your spell library contained the following spells:

 Spells                   Type           Power      Damage    Failure   Level
 Static Discharge         Conj/Air       37%        N/A       1%          2
 Conjure Flame            Conj/Fire      37%        6-21      1%          3
 Dazzling Flash           Conj/Hex       74%        N/A       1%          3
 Apportation              Tloc           44%        N/A       2%          1
 Fulminant Prism          Conj/Hex       18%        3d11      6%          4
 Sticky Flame             Conj/Fire      37%        2d6       6%          4
 Ignite Poison            Fire/Tmut/Pois 11%        N/A       17%         3
 Alistair's Intoxication  Tmut/Pois      7%         N/A       83%         5
 Invisibility             Hex            5%         N/A       100%        6
 Maxwell's Capacitive Co  Air            5%         ∞         100%        8


Dungeon Overview and Level Annotations

Branches:
Dungeon (8/15)             Temple (1/1) D:5           Sewer (visited)
   Lair: D:8-11

Altars:
Ashenzari
Cheibriados
Fedhas
Gozag
Hepliaklqana
Kikubaaqudgha
Makhleb
Okawaru
Qazlal
Ru
Sif Muna
Trog
Uskayaw
Vehumet
Wu Jian
Xom
Yredelemnul
Zin
The Shining One

Shops:
D:1 *   D:7 =

Annotations:
D:4 2 transporters


Innate Abilities, Weirdness & Mutations

You tend to lose your temper in combat.
You are dopey. (Int -2)
You sometimes lose the ability to read scrolls when taking damage.


Message History

There is a stone staircase leading down here.
You start resting.
You can read scrolls again.
You start resting.
You are no longer corroded.
You start resting.
HP restored.
You start resting.
Magic restored.
You climb downwards.
An orc comes into view. It is wielding a +0 flail.
The orc shouts!
The gnoll hits you with a +0 club. The wyvern bites you!
The gnoll closely misses you. The gnoll hits you with a +0 flail.
The gnoll hits you but does no damage. The gnoll hits you with a +0 club.
The wyvern closely misses you. The acid dragon spits acid at you.
The splash of acid hits you!!
You feel threatened and lose the ability to read scrolls!
* * * LOW HITPOINT WARNING * * *
The acid corrodes you!
You are splashed with acid!
* * * LOW HITPOINT WARNING * * *
The gnoll barely misses you.
You hear a shout!
There is a stone staircase leading up, spattered with blood here.
You feel much better. The wyvern misses you. The gnoll closely misses you.
The gnoll hits you with a +0 club! The gnoll misses you.
The gnoll hits you with a +0 club.
* * * LOW HITPOINT WARNING * * *
You feel much better. The wyvern bites you.
The gnoll sergeant closely misses you. The gnoll closely misses you.
The gnoll hits you with a +0 club!
* * * LOW HITPOINT WARNING * * *
The gnoll barely misses you. The wyvern closely misses you.
The gnoll hits you with a +0 club.
* * * LOW HITPOINT WARNING * * *
The gnoll sergeant hits you from afar with a +0 spear.
* * * LOW HITPOINT WARNING * * *
The orc hits you with a +0 flail!
You die...

.... .... .....
## ###. .....
.##.... ......
.......
......##D......
......ggo).....
#....@gg.[...
#..##glg..... #
##.......
#...... ......
.##### #


You could see a wyvern, an acid dragon, a gnoll sergeant, 5 gnolls and an orc.

Vanquished Creatures
  Pikel (D:4)
  Maggie (D:7)
  Edmund (D:4)
  A water moccasin (D:6)
  An orc warrior (D:5)
  4 sky beasts
  3 black bears
  An ice beast (D:6)
  3 ogres
  2 necrophages
  A centaur (D:5)
  3 lemures (D:4)
  A phantom (D:4)
  Blork the orc (D:4)
  2 kobold brigands
  2 scorpions
  A water moccasin zombie (D:5)
  3 wights (D:7)
  2 orc priests
  A jelly (D:4)
  2 centaur zombies
  A bullfrog skeleton (D:5)
  A centaur skeleton (D:7)
  A scorpion zombie (D:5)
  Ijyb (D:4)
  5 orc wizards
  A hound skeleton (D:4)
  2 gnolls (D:8)
  8 adders
  3 river rats
  A shadow imp (D:6)
  2 worms
  25 orcs
  2 bats (D:2)
  3 endoplasms
  2 giant cockroaches
  4 goblins
  8 hobgoblins
  6 jackals
  18 kobolds
  2 quokkas
  8 ball pythons
  A frilled lizard (D:2)
  11 rats
153 creatures vanquished.

Vanquished Creatures (others)
  4 fungi (D:2)
  20 plants (D:2)
24 creatures vanquished.

Grand Total: 177 creatures vanquished

Notes
Turn   | Place    | Note
-------+----------+-------------------------------------------
     0 | D:1      | hawla the Deep Elf Conjurer began the quest for the Orb.
     0 | D:1      | Reached XP level 1. HP: 10/10 MP: 6/6
   181 | D:1      | Found Deqo's General Store.
   252 | D:1      | Reached XP level 2. HP: 3/16 MP: 1/8
   256 | D:1      | Learned a level 2 spell: Searing Ray
  1051 | D:2      | Identified a scroll of acquirement
  1051 | D:2      | Acquired a staff of death
  1426 | D:2      | Reached skill level 1 in Fighting
  1460 | D:2      | Reached XP level 3. HP: 20/20 MP: 5/9
  1495 | D:2      | Found a faded altar of an unknown god.
  1627 | D:2      | Reached skill level 5 in Conjurations
  2489 | D:3      | Reached skill level 1 in Necromancy
  2503 | D:3      | Reached XP level 4. HP: 25/25 MP: 3/10
  2508 | D:3      | Learned a level 4 spell: Iskenderun's Mystic Blast
  2524 | D:3      | Reached skill level 1 in Evocations
  2526 | D:3      | Reached skill level 1 in Staves
  2533 | D:3      | Found a glowing drain.
  2538 | Sewer    | Entered a sewer
  2863 | Sewer    | Noticed a kobold brigand
  2878 | Sewer    | Killed a kobold brigand
  2879 | Sewer    | Reached skill level 6 in Conjurations
  2879 | Sewer    | Reached XP level 5. HP: 25/29 MP: 1/11
  2994 | Sewer    | Found a white marble altar of Elyvilon.
  3204 | D:3      | Reached skill level 1 in Translocations
  3492 | D:3      | Noticed an ogre
  3497 | D:3      | Killed an ogre
  3498 | D:3      | Reached XP level 6. HP: 34/34 MP: 7/12
  4225 | D:4      | Found a basalt altar of Yredelemnul.
  4229 | D:4      | Found a transporter.
  4314 | D:4      | Found a transporter.
  4536 | D:4      | Noticed Edmund
  4545 | D:4      | Killed Edmund
  4546 | D:4      | Reached skill level 7 in Conjurations
  4662 | D:4      | Noticed Ijyb
  4671 | D:4      | Reached XP level 7. HP: 38/38 MP: 5/15
  4672 | D:4      | Killed Ijyb
  4676 | D:4      | Noticed Pikel
  4839 | D:4      | Noticed Blork the orc
  4844 | D:4      | Killed Blork the orc
  5244 | D:4      | Killed Pikel
  5245 | D:4      | Reached skill level 5 in Spellcasting
  5245 | D:4      | Reached skill level 8 in Conjurations
  5245 | D:4      | Reached XP level 8. HP: 25/43 MP: 0/18
  5478 | D:4      | Found a snail-covered altar of Cheibriados.
  5528 | D:5      | Entered Level 5 of the Dungeon
  5703 | D:5      | Found a staircase to the Ecumenical Temple.
  5733 | Temple   | Entered the Ecumenical Temple
  5884 | Temple   | Became a worshipper of Ashenzari the Shackled
  6489 | D:5      | Reached skill level 9 in Conjurations
  6739 | D:5      | Found a sacrificial altar of Ru.
  6768 | D:5      | Learned a level 5 spell: Lightning Bolt
  7203 | D:6      | Reached XP level 9. HP: 29/49 MP: 9/21
  7372 | D:6      | Identified the +0 cloak of Xom's Delight {+Inv rElec MP-9
                  | Str+4}
  7612 | D:6      | Reached skill level 5 in Dodging
  7774 | D:6      | Gained mutation: You sometimes lose the ability to read
                  | scrolls when taking damage. [potion of mutation]
  7774 | D:6      | Gained mutation: You tend to lose your temper in combat.
                  | [potion of mutation]
  7774 | D:6      | Gained mutation: You are dopey. (Int -2) [potion of
                  | mutation]
  8037 | D:7      | Noticed Maggie
  8052 | D:7      | Killed Maggie
  8571 | D:7      | Found Usudogot's Jewellery Shoppe.
  8740 | D:7      | Reached skill level 10 in Conjurations
  9280 | D:8      | HP: 2/51 [acid (11)]
  9283 | D:8      | Slain by an orc

Illustrated notes

Levels and vault maps discovered:
D:1:      lightli_arrival_statuegarden, layout_loops_ring, serial_shops, shop,
          minmay_misc_feat_x
D:2:      layout_loops_ring, serial_forest, infiniplex_forest_lined_3_way,
          infiniplex_forest_straight_4, infiniplex_forest_clump_curved,
          infiniplex_forest_clump_cross, infiniplex_forest_clump_tiny,
          infiniplex_forest_clump_medium,
          shapermc_ecumenical_altar_mp_ritualfount
D:3:      minmay_inner_zag, layout_rooms, gup_sewer_entry_spiral, minmay_vboxes
D:4:      layout_loops_ring, gammafunk_temple_overflow_arena,
          chei_slow_surprise, uniq_pikel, uniq_ijyb, uniq_edmund,
          uniq_blork_the_orc
D:5:      layout_basic, nicolae_ru_path_of_blood, minmay_temple_entry_offerings,
          serial_co_window_serial, co_window_paths_b, co_window_corner_a,
          co_window_paths_b, co_window_paths_b, co_window_paths_a,
          co_window_2corner, co_window_broadway_b, co_window_paths_c,
          co_window_of_opportunity_b, co_window_corner_ca,
          co_window_unsneaky_path_b, glass_columns_a
D:6:      layout_rooms
D:7:      layout_layer_cave, serial_shops, nicolae_shop_waterfront, hex_medium,
          uniq_maggie
D:8:      minmay_razor_zed, layout_layer_cave, elyvilon_altar_3, st_stairs_8,
          uniq_grum
Temple:   nicolae_temple_elliptical

Skill      XL: |  1  2  3  4  5  6  7  8  9 |
---------------+----------------------------+-----
Stealth        | 3 4 |  4.7
Dodging        | 3 4 6 |  6.2
Fighting       | 1 2 3 |  3.2
Conjurations   | 5 6 7 8 9 10 | 10.0
Necromancy     | 1 2 |  2.0
Evocations     | 1 2 |  2.1
Staves         | 1 2 3 4 |  4.5
Translocations | 1 |  1.9
Spellcasting   | 4 5 6 8 |  8.8
Throwing       | |  0.6

Action                   |  1- 3 |  4- 6 |  7- 9 || total
-------------------------+-------+-------+-------++-------
Melee: Staff             |     1 |    26 |    60 ||    87
Throw: Dart              |       |       |     2 ||     2
 Cast: Magic Dart        |    51 |    26 |    15 ||    92
       Searing Ray       |    10 |    21 |    59 ||    90
       Iskenderun's Myst |       |     1 |    15 ||    16
Invok: Curse Item        |       |       |     1 ||     1
Evoke: Wand              |       |       |     2 ||     2
  Use: Scroll            |     4 |     4 |       ||     8
       Potion            |       |     6 |     4 ||    10
 Stab: Sleeping          |       |       |     1 ||     1
Armor: Robe              |     2 |    11 |    34 ||    47
       Skin              |       |       |    24 ||    24
Dodge: Dodged            |     9 |    37 |    88 ||   134
